 Dungeon Crawl Stone Soup version 0.24-a0-530-g18ba70b503 (webtiles) character file.

Game seed: 10936416268683384996

18 Aggronaut the Skirmisher (level 2, -1/27 HPs)
             Began as a Hill Orc Fighter on Aug 8, 2019.
             Slain by Sigmund
             ... wielding a +0 scythe
              (12 damage)
             ... on level 2 of the Dungeon.
             The game lasted 00:01:24 (746 turns).

Aggronaut the Skirmisher (Hill Orc Fighter)          Turns: 746, Time: 00:01:25

Health: -1/27      AC:  6    Str: 18    XL:     2   Next: 66%
Magic:  2/2        EV:  9    Int:  8    God:
Gold:   31         SH:  0    Dex: 10    Spells: 1/1 levels left

rFire    . . .     SeeInvis .   a - +0 war axe
rCold    . . .     Gourm    .   (no shield)
rNeg     . . .     Faith    .   b - +0 scale mail
rPois    .         Spirit   .   (no helmet)
rElec    .         Reflect  .   (no cloak)
rCorr    .         Harm     .   (no gloves)
MR       .....                  (no boots)
Stlth    ..........             (no amulet)
HPRegen  0.09/turn              (no ring)
MPRegen  0.08/turn              (no ring)

@: no status effects
A: no striking features
a: no special abilities


You were on level 2 of the Dungeon.
You were not hungry.

You visited 1 branch of the dungeon, and saw 2 of its levels.

You collected 31 gold pieces.

Inventory:

Hand Weapons
 a - a +0 war axe (weapon)
Armour
 b - a +0 scale mail (worn)
 c - a +0 shield
Scrolls
 e - a scroll of enchant weapon {unknown}
 g - 4 scrolls of teleportation {unknown}
 h - a scroll of identify {unknown}
Potions
 d - 4 potions of might
 i - a potion of agility {unknown}
 k - a potion of mutation {unknown}
 l - a potion of haste {unknown}
Comestibles
 f - 3 rations
 j - 5 chunks of flesh


   Skills:
 + Level 4.0 Fighting
 * Level 3.8 Axes
 - Level 3.2 Armour
 - Level 3.2 Shields


You had one spell level left.
You didn't know any spells.
Your spell library was empty.

Dungeon Overview and Level Annotations

Branches:
Dungeon (2/15)

Altars:

Annotations:
D:2 Robin, Sigmund


Message History

You hear a shout! x2
A goblin comes into view. It is wielding a +0 club.
Sigmund hits you from afar with a +0 scythe.
The goblin hits you with a +0 club.
You hear a shout!
You miss the goblin. The goblin hits you with a +0 club!
Sigmund closely misses you.
Your scale mail prevents you from hitting the goblin.
A goblin comes into view. It is wielding a +0 dagger.
The goblin completely misses you. Sigmund closely misses you.
You barely miss the goblin. The goblin barely misses you.
A hobgoblin comes into view. It is wielding a +0 club.
You hit the goblin.
You kill the goblin!
Sigmund casts a spell at you. The magic dart hits you.
Robin throws the goblin at you! The goblin closely misses you.
Sigmund laughs darkly.
Sigmund hits you from afar with a +0 scythe!
You die... #..# #..# #g(# gg# ggg

#@#
#)#
#@#
#g#
#.#
..#
###


You could see Sigmund, Robin, 2 hobgoblins and 4 goblins.

Vanquished Creatures
  A dart slug (D:1)
  A bat (D:1)
  A giant cockroach (D:1)
  5 goblins
  A hobgoblin (D:1)
  2 frilled lizards (D:1)
  2 kobolds (D:1)
  A rat (D:1)
14 creatures vanquished.

Notes
Turn   | Place    | Note
-------+----------+-------------------------------------------
     0 | D:1      | Aggronaut the Hill Orc Fighter began the quest for the Orb.
     0 | D:1      | Reached XP level 1. HP: 19/19 MP: 1/1
   363 | D:1      | Reached XP level 2. HP: 27/27 MP: 2/2
   683 | D:1      | Reached skill level 4 in Fighting
   739 | D:2      | Noticed Sigmund
   739 | D:2      | Noticed Robin
   746 | D:2      | Slain by Sigmund

Levels and vault maps discovered:
D:1:      wander_arrival_fairy_ring, layout_basic
D:2:      layout_loops_ring, chequers_ecumenical_altar_island, first_ration,
          nicolae_gozag_seed_capital, uniq_sigmund, uniq_robin

Skill      XL: |  1  2 |
---------------+-------+-----
Axes           | 3 |  3.8
Fighting       | 4 |  4.0
Armour         | |  3.2
Shields        | |  3.2

Action                   || total
-------------------------++-------
Melee: War axe           ||    42
Armor: Scale mail        ||    25
Dodge: Dodged            ||    32
Block: Shield            ||     1

Table legend:
 A = Non-vault XP
 B = Vault XP
 C = Vault XP percentage of total XP
 D = Non-vault monster count
 E = Vault monster count
 F = Vault count percentage of total count
                 A         B        C        D         E       F
            +---------+---------+-------+---------+---------+-------
      Total |      24 |       2 |   7.7 |      13 |       1 |   7.1
            +---------+---------+-------+---------+---------+-------
        D:1 |      24 |       0 |   0.0 |      13 |       0 |   0.0
        D:2 |       0 |       2 | 100.0 |       0 |       1 | 100.0
            +---------+---------+-------+---------+---------+-------
